 Dungeon Crawl Stone Soup version 0.29-a0-210-g9445043ebc (webtiles) character file.

Game seed: 9337611919590863507

21 GabrielManson the Gusty (level 2, 0/14 (15) HPs)
             Began as a Tengu Air Elementalist on Feb 23, 2022.
             Slain by a necrophage (3 damage)
             ... on level 1 of the Dungeon on Feb 24, 2022.
             The game lasted 00:07:43 (1233 turns).

GabrielManson the Gusty (Tengu Air Elementalist)    Turns: 1233, Time: 00:07:44

HP:   0/14 (15)     AC:  2    Str:  8    XL:     2   Next: 87%
MP:   12/15         EV: 12    Int: 15    God:
Gold: 46            SH:  0    Dex: 14    Spells: 2/5 levels left

rFire   . . .      SeeInvis .     - Unarmed
rCold   . . .      Faith    .   (no shield)
rNeg    . . .      Spirit   .   a - +0 robe
rPois   .          Reflect  .   (helmet restricted)
rElec   .          Harm     .   (no cloak)
rCorr   .          Rampage  .   (no gloves)
Will    .....                   (boots unavailable)
Stlth   ++........              (no amulet)
HPRegen 0.04/turn               b - ring of magical power
MPRegen 0.14/turn               (no ring)

@: drained
A: beak, talons 3
a: no special abilities


You were on level 1 of the Dungeon.
You visited 1 branch of the dungeon, and saw 2 of its levels.

You collected 46 gold pieces.

Inventory:

Armour
 a - a +0 robe (worn)
Jewellery
 b - a ring of magical power (left hand)
Potions
 c - a potion of attraction {unknown}


   Skills:
 - Level 2.5 Dodging
 - Level 2.0 Stealth
 + Level 1.1 Unarmed Combat
 + Level 2.1 Spellcasting
 + Level 2.2 Conjurations
 - Level 4.2 Air Magic


You had 2 spell levels left.
You knew the following spells:

 Your Spells              Type           Power      Damage    Failure   Level
a - Shock                 Conj/Air       44%        1d5       6%          1
b - Static Discharge      Conj/Air       11%        N/A       9%          2

Your spell library contained the following spells:

 Spells                   Type           Power      Damage    Failure   Level
 Swiftness                Air            14%        N/A       12%         3
 Airstrike                Air            7%         N/A       36%         4


Dungeon Overview and Level Annotations

Branches:
Dungeon (2/15)

Altars:

Shops:
D:1 (


Innate Abilities, Weirdness & Mutations

You have a beak for a mouth.
You have claws for feet.


Message History

Press: ? - help, Shift-Dir - straight line The zap misses the necrophage. x2; The bat barely misses you.
Casting: Shock (safe; 6% risk of failure)
Confirm with . or Enter, or press ? or * to list all spells.
Aiming: Shock (safe; 6% risk of failure)
Press: ? - help, Shift-Dir - straight line The zap hits the bat.
The bat is severely wounded.
The zap hits the bat.
You kill the bat!
There is a stone staircase leading up here.
The necrophage misses you.
You climb upwards.
There is a stone staircase leading down here.
The necrophage hits you but does no damage.
Casting: Shock (safe; 6% risk of failure)
Confirm with . or Enter, or press ? or * to list all spells.
Aiming: Shock (safe; 6% risk of failure)
Press: ? - help, Shift-Dir - straight line, f - necrophage
Aim: a necrophage (68% to hit)
The zap hits the necrophage.
The necrophage is lightly damaged.
Casting: Shock (safe; 6% risk of failure)
Confirm with . or Enter, or press ? or * to list all spells.
You don't know that spell.
Casting: Shock (safe; 6% risk of failure)
Confirm with . or Enter, or press ? or * to list all spells.
The necrophage is struck by an arc of lightning.
The necrophage is lightly damaged.
You are struck by an arc of lightning.
The lightning grounds out.
The necrophage hits you.
You feel drained.
There is an open door here.
Casting: Static Discharge (safe; 9% risk of failure)
Confirm with . or Enter, or press ? or * to list all spells.
The necrophage is struck by an arc of lightning!
The necrophage is moderately damaged.
The lightning grounds out.
The necrophage hits you.
* * * LOW HITPOINT WARNING * * *
The necrophage hits you.
You die...

######## #......# #.####.# #.#
#.# #####.####.#########
#......#...........##########
#####.###..#.#..........##......#
#.....# #..#.###@.......##......#
#.#######..#.# #.n......##......#
#.# #...#..#.# #........+.......#
#.# #.#.#..#.# #........##.#.....
#.# #.#.####.# #........##.#.####
#.# #.#....#.# #........'........
#.###.##.#.#.# #..>.....#........
#.#..).....#.# #........#........
#.#.#.....)..# #........#........


You could see a necrophage.

Vanquished Creatures
  A dart slug (D:1)
  3 endoplasms (D:1)
  A giant cockroach (D:1)
  A goblin (D:1)
  4 hobgoblins (D:1)
  2 kobolds (D:1)
  3 bats
  2 frilled lizards (D:1)
17 creatures vanquished.

Notes
Turn   | Place    | Note
-------+----------+-------------------------------------------
     0 | D:1      | GabrielManson the Tengu Air Elementalist began the quest
                  | for the Orb.
     0 | D:1      | Reached XP level 1. HP: 10/10 MP: 4/4
    21 | D:1      | Found Renecs's Weapon Emporium.
   503 | D:1      | Reached XP level 2. HP: 15/15 MP: 6/6
   537 | D:1      | Learned a level 2 spell: Static Discharge
   722 | D:1      | Reached skill level 1 in Unarmed Combat
  1143 | D:1      | Upgraded the game from 0.29-a0-200-gc7997b95f3 to
                  | 0.29-a0-210-g9445043ebc
  1180 | D:2      | Noticed a necrophage
  1233 | D:1      | Slain by a necrophage

Illustrated notes

Levels and vault maps discovered:
D:1:      lightli_iron_boxes, layout_basic, serial_shops,
          nicolae_shop_waterfront
D:2:      layout_loops_cross, chequers_ecumenical_altar_simple_redux,
          uniq_natasha, uniq_terence

Skill      XL: |  1  2 |
---------------+-------+-----
Conjurations   | 2 |  2.2
Unarmed Combat | 1 |  1.1
Dodging        | |  2.5
Stealth        | |  2.0
Spellcasting   | |  2.1
Air Magic      | |  4.2

Action                   || total
-------------------------++-------
Melee: Unarmed           ||    24
       Peck              ||     5
       Kick              ||     7
       Punch             ||     2
 Cast: Shock             ||    29
       Static Discharge  ||     3
Armor: Robe              ||     8
Dodge: Dodged            ||    20

Table legend: (Time is in decaauts)
 A = Elapsed time spent in this place.
 B = Non-inter-level travel time spent in this place.
 C = Inter-level travel time spent in this place.
 D = Time resting spent in this place.
 E = Time spent auto-exploring this place.
 F = Levels seen in this place.
 G = Mean time per level.
                   A        B        C        D        E       F      G
               +--------+--------+--------+--------+--------+-----+--------+
         Total |   1234 |   1234 |      0 |    164 |    807 |   2 |  617.0 |
       Dungeon |   1234 |   1234 |      0 |    164 |    807 |   2 |  617.0 |
               +--------+--------+--------+--------+--------+-----+--------+

Top non-repeatable levels by time:
     D:1: 1218 daAuts
     D:2: 16 daAuts
